 Dungeon Crawl Stone Soup version 0.27-a0-279-gdfb9265905 (webtiles) character file.

Game seed: 15359317396339744034

9 namelastname112 the Sneak (level 2, -3/26 HPs)
             Began as a Draconian Delver on Feb 7, 2021.
             Slain by a gnoll
             ... wielding a +0 mace
              (5 damage)
             ... on level 4 of the Dungeon.
             The game lasted 00:02:23 (670 turns).

namelastname112 the Sneak (Draconian Delver)         Turns: 670, Time: 00:02:23

Health: -3/26      AC:  4    Str: 14    XL:     2   Next: 3%
Magic:  2/2        EV: 12    Int: 10    God:
Gold:   60         SH:  0    Dex: 12    Spells: 1/1 levels left

rFire    . . .     SeeInvis .   a - +0 falchion
rCold    . . .     Faith    .   (no shield)
rNeg     . . .     Spirit   .   (armour unavailable)
rPois    .         Reflect  .   (helmet restricted)
rElec    .         Harm     .   (no cloak)
rCorr    .         Rampage  .   (no gloves)
Will     .....                  (no boots)
Stlth    +++.......             (no amulet)
HPRegen  0.08/turn              (no ring)
MPRegen  0.08/turn              (no ring)

@: hasted, very quick
A: unfitting armour, cold-blooded, AC +4
a: no special abilities


You were on level 4 of the Dungeon.
You visited 1 branch of the dungeon, and saw 3 of its levels.

You collected 60 gold pieces.

Inventory:

Hand Weapons
 a - a +0 falchion (weapon)
Missiles
 k - a throwing net (quivered)
Wands
 f - a wand of digging (3)
 j - a wand of polymorph (4)
Scrolls
 b - a scroll of fog
 c - a scroll of magic mapping
 d - a scroll of fear
 g - a scroll of identify {unknown}
 h - a scroll of remove curse {unknown}
 i - a scroll of teleportation {unknown}


   Skills:
 + Level 3.4 Fighting
 + Level 2.2 Long Blades
 + Level 2.0 Dodging
 + Level 4.6 Stealth


You had one spell level left.
You didn't know any spells.
Your spell library was empty.

Dungeon Overview and Level Annotations

Branches:
Dungeon (6/15)
 Temple: D:4-7

Altars:
Ashenzari
Cheibriados
Trog


Innate Abilities, Weirdness & Mutations

Your plain brown scales are hard. (AC +4)
You cannot fit into any form of body armour.
You are cold-blooded and may be slowed by cold attacks.


Message History

The orc evaporates and reforms as a frilled lizard!!!
The frilled lizard barely misses you!
You closely miss the frilled lizard!
The frilled lizard is heavily wounded!
The frilled lizard bites you! * * * don't die
* * * You take 3 damage, and have 1/26 hp!
Okay, then!
You feel yourself speed up! The frilled lizard barely misses you!
You riposte!
You barely miss the frilled lizard!
The frilled lizard is heavily wounded!
You see here a +0 flail!
Things that are here:
a gnoll skeleton; a gnoll skeleton You see here a gnoll skeleton!
You see here a +0 halberd!
A gnoll shaman comes into view! It is wielding a +0 club!
The gnoll shouts!!!
The gnoll shaman shouts!!!
You hear a shout!!!
The gnoll hits you with a +0 mace! rip

# ##.##.g######
#.g.....g...# #..#
#..# #..# #g.##
#..#######...#
#.##..##..[##...#
##.##..#..8..#g..#
...##..÷)...l..@.#
#..###÷##.###.##.#
#..# #..)...o....#
.#$.#
####o########
.#..# #.# .#..#
#.# .#..######.#
.#...(o....#
.....#######


You could see a gnoll shaman, a gnoll, an orc and a frilled lizard.

Vanquished Creatures
  2 orcs (D:5)
  A giant cockroach (D:4)
  A goblin (D:4)
  2 bats (D:4)
6 creatures vanquished.

Vanquished Creatures (others)
  5 plants (D:4)
5 creatures vanquished.

Grand Total: 11 creatures vanquished

Notes
Turn   | Place    | Note
-------+----------+-------------------------------------------
     0 | D:5      | namelastname112 the Draconian Delver began the quest for
                  | the Orb.
     0 | D:5      | Reached XP level 1. HP: 19/19 MP: 1/1
    14 | D:5      | Noticed a scorpion
   120 | D:5      | Noticed a worker ant
   134 | D:5      | Found a broken altar of Ashenzari.
   153 | D:5      | Found a snail-covered altar of Cheibriados.
   158 | D:5      | Noticed an ice beast
   204 | D:5      | Found a bloodstained altar of Trog.
   366 | D:4      | Reached XP level 2. HP: 8/26 MP: 2/2
   651 | D:4      | HP: 1/26 [frilled lizard (3)]
   670 | D:4      | Slain by a gnoll

Illustrated notes

Levels and vault maps discovered:
D:4:      layout_basic, grunt_gozag_statues, mrwooster_statue_mirror,
          guppyfry_early_lair_pool
D:5:      layout_gridville, kennysheep_mini_moat, lemuel_crystal_altar,
          trog_book, uniq_menkaure
D:6:      black_bear_nest_2, layout_rooms, old_standard_altar,
          hangedman_decor_growths

Skill      XL: |  1 |
---------------+----+-----
Dodging        | 2 |  2.0
Fighting       | |  3.4
Long Blades    | |  2.2
Stealth        | |  4.6

Action                   || total
-------------------------++-------
Melee: Falchion          ||    22
       Tailslap          ||     3
Evoke: Wand              ||     7
  Use: Potion            ||     1
Armor: Skin              ||     9
Dodge: Dodged            ||    16
       Rpst.: Falchion   ||     7

Table legend: (Time is in decaauts)
 A = Elapsed time spent in this place.
 B = Non-inter-level travel time spent in this place.
 C = Inter-level travel time spent in this place.
 D = Time resting spent in this place.
 E = Time spent auto-exploring this place.
 F = Levels seen in this place.
 G = Mean time per level.
                   A        B        C        D        E       F      G
               +--------+--------+--------+--------+--------+-----+--------+
         Total |    668 |    668 |      0 |    218 |    114 |   3 |  222.7 |
       Dungeon |    668 |    668 |      0 |    218 |    114 |   3 |  222.7 |
               +--------+--------+--------+--------+--------+-----+--------+

Top non-repeatable levels by time:
     D:4: 374 daAuts
     D:5: 209 daAuts
     D:6: 83 daAuts
